Map: Dusty Gorge

Players

BruceLee - Winner!

  • Race: Terran Terran
  • Spawn Location: 3:00

Adversity - Winner!

  • Race: Terran Terran
  • Spawn Location: 5:00

luissuarez

  • Race: Terran Terran
  • League: Diamond
  • Spawn Location: 9:00

lIlIlIlIlIlI

  • Race: Protoss Protoss
  • Spawn Location: 11:00

VOD

Have the link to the VOD?

Description

Time

  • Played on: June 28, 2018, 6:10 p.m.
  • Length: 3:27
Show
View Real Time Build Order
Export as new Build Order

BruceLee Terran - Winner!

Build Orders:  

Get SALT Encoding   

  12  0:01  SCV  
  13  0:13  SCV  
  14  0:21  Supply Depot  
  14  0:25  SCV  
  15  0:44  Barracks  
  15  0:45  SCV  
  16  0:52  Barracks  
  16  0:57  SCV  
  16  1:03  Refinery  
  17  1:09  SCV  
  18  1:14  Refinery  
  18  1:21  SCV  
  19  1:33  Marine  
  19  1:34  SCV  
  21  1:48  Marine  
  21  1:50  Orbital Command  
  22  2:00  Factory  
  22  2:03  Marine  
  23  2:18  Supply Depot  
  23  2:39  Marine x2  
  23  2:40  SCV  
  26  2:44  Factory Tech Lab  
  26  2:49  Supply Depot  
  26  2:52  SCV  
  26  2:57  Marine  
  28  3:04  SCV  
  29  3:06  Supply Depot  
  31  3:14  Supply Depot  
Show
View Real Time Build Order
Export as new Build Order

Adversity Terran - Winner!

Build Orders:  

Get SALT Encoding   

  12  0:02  SCV  
  14  0:14  SCV  
  14  0:19  Supply Depot  
  14  0:26  SCV  
  15  0:30  Refinery  
  15  0:41  SCV  
  16  0:46  Barracks  
  16  0:53  SCV  
  17  1:05  SCV  
  17  1:11  Barracks  
  18  1:17  SCV  
  19  1:28  Barracks  
  19  1:33  Reaper  
  20  1:42  Orbital Command  
  20  1:55  Supply Depot  
  20  1:59  Reaper  
  21  2:09  Reaper  
  21  2:12  SCV  
  21  2:13  Refinery  
  23  2:19  Reaper  
  23  2:21  Supply Depot  
  24  2:24  SCV  
  25  2:31  Reaper  
  25  2:36  SCV  
  27  2:48  Reaper, SCV  
  30  3:09  Command Center  
  30  3:10  SCV  
  32  3:14  Supply Depot  
Show
View Real Time Build Order
Export as new Build Order

luissuarez Terran 

Build Orders:  

Get SALT Encoding   

  12  0:02  SCV  
  13  0:15  SCV  
  14  0:27  SCV  
  15  0:29  Supply Depot  
  15  0:48  Refinery  
  15  0:49  Refinery  
  15  0:51  SCV  
  16  0:59  Barracks  
  16  1:04  SCV  
  17  1:07  Supply Depot  
  17  1:16  SCV  
  18  1:28  SCV  
  19  1:40  SCV  
  20  1:49  Factory  
  20  1:54  Barracks Reactor, Orbital Command  
  20  2:02  Factory  
  20  2:05  Supply Depot  
  20  2:19  SCV  
  21  2:27  Supply Depot  
  21  2:31  SCV  
  21  2:32  Marine x2  
  21  2:33  Factory  
  21  2:34  Hellion  
  25  2:43  SCV  
  24  2:55  Hellion  
  24  2:56  SCV  
  26  3:17  Supply Depot  
Show
View Real Time Build Order
Export as new Build Order

lIlIlIlIlIlI Protoss 

Build Orders:  

Get SALT Encoding   

  12  0:31  Probe  
  13  0:39  Probe  
  13  0:49  Probe  
  14  0:57  Pylon  
  15  1:11  Probe  
  15  1:13  Assimilator  
  15  1:17  Assimilator  
  16  1:19  Probe  
  17  1:29  Probe  
  18  1:42  Probe  
  19  1:54  Probe  
  20  2:03  Probe  
  21  2:11  Probe  
Tags
 
Add a new tag
Caveats
  • Supply blocks, unpowered buildings, or Contaminate may cause inaccurate times.
  • Supply counts are checked every 10 seconds.